 Dungeon Crawl Stone Soup version 0.31-a0-1082-g7d1fb77 (webtiles) character file.

Game seed: 910970944731953214

27218969 DevouringOne the Middleweight Champion (level 27, 226/226 HPs)
             Began as an Octopode Shapeshifter on Nov 27, 2023.
             Was an Initiate of Gozag.
             Escaped with the Orb
             ... and 15 runes!
             The game lasted 01:51:12 (54571 turns).

DevouringOne the Middleweight Champion (OpSh)      Turns: 54571, Time: 01:51:13

Health: 226/226    AC: 17    Str: 35    XL:     27
Magic:  44/44      EV: 68    Int: 16    God:    Gozag
Gold:   393        SH:  2    Dex: 17    Spells: 60/60 levels left

rFire   + +          +
                       - Unarmed
rCold   + + +        (shield currently unavailable)
rNeg    + + +        (helmet currently unavailable)
rPois   ∞            w - amulet of regeneration
rElec   +            j - ring "Enoeqof" {Wiz rF+ rC+ Will+}
rCorr   +            n - ring of Ufew {rN+ MP-9 Str+3 Slay+4 SInv}
SInv    +            x - ring "Paick" {rF+ rC+ rN+}
Will    +++..        Z - ring "Momixe" {rPois rF+ rC+ rCorr Str+5}
Stlth   ++++         i - ring of Orugak {MP+9 Str+6 Int+3 Slay+3}
HPRegen 1.37/turn    D - ring of the Hare {EV+10}
MPRegen 0.29/turn    J - +4 ring of slaying
                     d - ring of the Octopus King {rN+ HP+2 AC+2 EV+2 SH+2}

%: wizardry (x1)
@: storm-form, flying, studying 2 skills
A: cleaving, insubstantial, flying, almost no armour, amphibious, 8 rings,
(camouflage 1), (gelatinous body 1), (nimble swimmer 1), (tentacles),
(iridescent scales 1), deterioration 2
0: Orb of Zot
}: 15/15 runes: decaying, serpentine, slimy, silver, golden, iron, obsidian,
icy, bone, abyssal, demonic, glowing, magical, fiery, dark
a: Blinkbolt, Begin Untransformation, Renounce Religion, Potion Petition, Call
Merchant, Bribe Branch


You escaped.
You worshipped Gozag.
Gozag was aware of your devotion.
You were a lightning-filled tempest!
You visited 18 branches of the dungeon, and saw 88 of its levels.
You visited Pandemonium 1 time, and saw 12 of its levels.
You visited the Abyss 1 time.
You also visited: Gauntlet and Desolation.

You collected 38372 gold pieces.
You spent 5932 gold pieces at shops.
You paid 32047 gold pieces to Gozag.

Inventory:

Missiles
 G - 6 throwing nets
 N - 6 curare-tipped darts
Jewellery
 a - an amulet of reflection
 b - the ring of Ruken {+Blink AC+4 Int+3}
   (You found it on level 3 of the Vaults)

   [ring of protection]

   AC+4:      It affects your AC (+4).
   Int+3:     It affects your intelligence (+3).
   +Blink:    It lets you blink.
 d - a ring of the Octopus King (on tentacle) {rN+ HP+2 AC+2 EV+2 SH+2}
   (You found it on level 3 of the Tomb of the Ancients)

   [ring of positive energy]

   AC+2:      It affects your AC (+2).
   EV+2:      It affects your evasion (+2).
   rN+:       It protects you from negative energy.
   HP+2:      It affects your health (+2).
   SH+2:      It affects your SH (+2).
 i - the ring of Orugak (on tentacle) {MP+9 Str+6 Int+3 Slay+3}
   (You bought it in a shop on level 5 of the Dungeon)

   [ring of strength]

   Str+6:     It affects your strength (+6).
   Int+3:     It affects your intelligence (+3).
   Slay+3:    It affects your accuracy & damage with ranged weapons and melee
   (+3).
   MP+9:      It affects your magic capacity (+9).
 j - the ring "Enoeqof" (left tentacle) {Wiz rF+ rC+ Will+}
   (You bought it in a shop on level 5 of the Vaults)

   [ring of wizardry]

   Wiz:       It improves your spell success rate.
   rF+:       It protects you from fire.
   rC+:       It protects you from cold.
   Will+:     It increases your willpower.
 n - the ring of Ufew (right tentacle) {rN+ MP-9 Str+3 Slay+4 SInv}
   (You found it in the Desolation of Salt)

   [ring of slaying]

   Str+3:     It affects your strength (+3).
   Slay+4:    It affects your accuracy & damage with ranged weapons and melee
   (+4).
   rN+:       It protects you from negative energy.
   MP-9:      It affects your magic capacity (-9).
   SInv:      It lets you see invisible.
 o - the ring of Muimybb {Drain rF+++ Will+ MP+9 Int+2}
   (You found it on level 2 of the Dungeon)

   [ring of willpower]

   Int+2:     It affects your intelligence (+2).
   rF+++:     It renders you almost immune to fire.
   Will+:     It increases your willpower.
   MP+9:      It affects your magic capacity (+9).
   Drain:     It drains your maximum health when unequipped.
 w - an amulet of regeneration (around neck)
 x - the ring "Paick" (on tentacle) {rF+ rC+ rN+}
   (You found it in the Desolation of Salt)

   [ring of protection from cold]

   rF+:       It protects you from fire.
   rC+:       It protects you from cold.
   rN+:       It protects you from negative energy.
 D - the ring of the Hare (on tentacle) {EV+10}
   (You took it off a frost giant on level 5 of the Vaults)

   [ring of evasion]

   EV+10:     It affects your evasion (+10).
 J - a +4 ring of slaying (on tentacle)
 Q - the ring of Poegamp {rElec rPois rC+++ Will+ Stlth-}
   (You found it in a Gauntlet)

   [ring of poison resistance]

   rC+++:     It renders you almost immune to cold.
   rElec:     It insulates you from electricity.
   rPois:     It protects you from poison Will+: It increases your willpower.
   Stlth-:    It makes you less stealthy.
 Z - the ring "Momixe" (on tentacle) {rPois rF+ rC+ rCorr Str+5}
   (You found it in the Desolation of Salt)

   [ring of protection from fire]

   Str+5:     It affects your strength (+5).
   rF+:       It protects you from fire.
   rC+:       It protects you from cold.
   rPois:     It protects you from poison rCorr: It protects you from acid and
   corrosion.
Talismans
 v - a granite talisman
 M - a storm talisman (active)
 O - a dragon-blood talisman
Wands
 R - a wand of quicksilver (45)
 W - a wand of digging (8)
Scrolls
 c - 5 scrolls of torment
 l - 8 scrolls of noise
 m - 10 scrolls of vulnerability
 r - 4 scrolls of blinking
 u - 9 scrolls of enchant weapon
 z - 7 scrolls of immolation
 B - 15 scrolls of teleportation
 C - 11 scrolls of amnesia
 S - 4 scrolls of brand weapon
 U - a scroll of silence
 V - 9 scrolls of fear
 Y - 10 scrolls of poison
Potions
 e - a potion of attraction
 f - 16 potions of curing
 g - 4 potions of cancellation
 h - 2 potions of mutation
 p - 2 potions of might
 q - 4 potions of invisibility
 t - 3 potions of heal wounds
 E - 13 potions of brilliance
 F - 4 potions of berserk rage
 H - 2 potions of resistance
 I - 6 potions of enlightenment
 K - 6 potions of magic
 L - a potion of lignification
Miscellaneous
 k - a figurine of a ziggurat
 A - a phantom mirror
 T - a phial of floods


   Skills:
 O Level 27 Fighting
 O Level 27 Dodging
 O Level 27 Stealth
 O Level 27 Unarmed Combat
 + Level 17.2 Spellcasting
 O Level 27 Shapeshifting


You had 60 spell levels left.
You didn't know any spells.
Your spell library contained the following spells:

 Spells                   Type           Power      Damage    Failure   Level
 Foxfire                  Conj/Fire      52%        2x1d6     1%          1
 Freeze                   Ice            52%        1d6       1%          1
 Kiss of Death            Conj/Necr      52%        2d9       1%          1
 Magic Dart               Conj           52%        1d5       1%          1
 Necrotise                Necr           52%        1d6       1%          1
 Sandblast                Erth           26%        2d8       1%          1
 Slow                     Hex            52%        N/A       1%          1
 Sting                    Tmut/Pois      52%        1d5       1%          1
 Blink                    Tloc           26%        N/A       2%          2
 Call Imp                 Summ           26%        N/A       2%          2
 Cigotuvi's Dreadful Rot  Necr/Pois/Air  26%        N/A       2%          2
 Ensorcelled Hibernation  Hex/Ice        26%        N/A       2%          2
 Jinxbite                 Hex            26%        N/A       2%          2
 Lesser Beckoning         Tloc           26%        N/A       2%          2
 Momentum Strike          Conj/Tloc      26%        3d8       2%          2
 Passwall                 Tmut/Erth      10%        N/A       2%          2
 Poisonous Vapours        Pois/Air       26%        N/A       2%          2
 Scorch                   Fire           26%        2d6       2%          2
 Searing Ray              Conj           26%        2d5       2%          2
 Static Discharge         Conj/Air       26%        3-5/arc   2%          2
 Wereblood                Tmut           13%        N/A       2%          2
 Confusing Touch          Hex            13%        N/A       5%          3
 Frozen Ramparts          Ice            26%        1d4       5%          3
 Gell's Gravitas          Tloc           13%        N/A       5%          3
 Hailstorm                Conj/Ice       13%        3d5       5%          3
 Ignite Poison            Fire/Tmut/Pois 13%        N/A       5%          3
 Mephitic Cloud           Conj/Pois/Air  13%        N/A       5%          3
 Ozocubu's Armour         Ice            13%        N/A       5%          3
 Sigil of Binding         Hex            13%        N/A       5%          3
 Stone Arrow              Conj/Erth      26%        3d8       5%          3
 Summon Guardian Golem    Hex/Summ       13%        N/A       5%          3
 Swiftness                Air            13%        N/A       5%          3
 Teleport Other           Tloc           13%        N/A       5%          3
 Vampiric Draining        Necr           13%        2d6       5%          3
 Volatile Blastmotes      Fire/Tloc      26%        2d12      5%          3
 Anguish                  Hex/Necr       6%         N/A       17%         4
 Brom's Barrelling Bould  Conj/Erth      13%        2d4       17%         4
 Cause Fear               Hex            6%         N/A       17%         4
 Dimensional Bullseye     Hex/Tloc       6%         N/A       17%         4
 Dispel Undead            Necr           13%        3d9       17%         4
 Flame Wave               Conj/Fire      13%        2d6       17%         4
 Fulminant Prism          Conj/Hex       6%         3d7       17%         4
 Leda's Liquefaction      Hex/Erth       6%         N/A       17%         4
 Manifold Assault         Tloc           13%        N/A       17%         4
 Olgreb's Toxic Radiance  Pois           13%        N/A       17%         4
 Petrify                  Tmut/Erth      13%        N/A       17%         4
 Sticky Flame             Conj/Fire      13%        2d4       17%         4
 Vhi's Electric Charge    Tloc/Air       26%        N/A       17%         4
 Agony                    Necr           13%        N/A       43%         5
 Alistair's Intoxication  Tmut/Pois      8%         N/A       43%         5
 Arcjolt                  Conj/Air       6%         1d16      43%         5
 Borgnjor's Vile Clutch   Necr/Erth      6%         N/A       43%         5
 Fireball                 Conj/Fire      6%         3d5       43%         5
 Freezing Cloud           Conj/Ice/Air   6%         6-21      43%         5
 Irradiate                Conj/Tmut      6%         3d13      43%         5
 Iskenderun's Battlesphe  Conj           13%        2d7       43%         5
 Metabolic Englaciation   Hex/Ice        6%         N/A       43%         5
 Summon Mana Viper        Hex/Summ       13%        N/A       43%         5
 Conjure Ball Lightning   Conj/Air       6%         3x3d6     92%         6
 Dispersal                Tloc           6%         N/A       92%         6
 Eringya's Noxious Bog    Tmut/Pois      6%         4d6       92%         6
 Plasma Beam              Fire/Air       6%         2x1d17    92%         6
 Starburst                Conj/Fire      6%         6d4       92%         6
 Summon Cactus Giant      Summ           6%         N/A       92%         6
 Enfeeble                 Hex            6%         N/A       100%        7
 Haunt                    Necr/Summ      6%         N/A       100%        7
 Malign Gateway           Summ/Tloc      6%         N/A       100%        7
 Monstrous Menagerie      Summ           6%         N/A       100%        7
 Orb of Destruction       Conj           6%         9d6       100%        7
 Ozocubu's Refrigeration  Ice            6%         4d8       100%        7
 Spellforged Servitor     Conj/Summ      6%         N/A       100%        7
 Summon Hydra             Summ           6%         N/A       100%        7
 Discord                  Hex            6%         N/A       100%        8
 Disjunction              Tloc           6%         N/A       100%        8
 Ignition                 Fire           6%         3d4       100%        8
 Infestation              Necr           6%         N/A       100%        8
 Maxwell's Capacitive Co  Air            6%         ∞         100%        8
 Summon Horrible Things   Summ           6%         N/A       100%        8
 Death's Door             Necr           6%         N/A       100%        9
 Fire Storm               Conj/Fire      6%         8d2       100%        9
 Animate Dead             Necr           Unusable   N/A       N/A         4
 Simulacrum               Ice/Necr       Unusable   N/A       N/A         6

Dungeon Overview and Level Annotations

Branches:
Dungeon (15/15)            Temple (1/1) D:6            Lair (5/5) D:9
  Swamp (4/4) Lair:2        Snake (4/4) Lair:2        Slime (5/5) Lair:4
    Orc (2/2) D:10            Elf (3/3) Orc:2        Vaults (5/5) D:13
  Crypt (3/3) Vaults:3       Tomb (3/3) Crypt:3      Depths (4/4) D:15
   Hell (visited)             Dis (7/7) Hell            Geh (7/7) Hell
    Coc (7/7) Hell            Tar (7/7) Hell            Zot (5/5) Depths:4
Desolation (visited)      Gauntlet (visited)

Altars:
Ashenzari
Cheibriados
Dithmenos
Elyvilon
Fedhas
Gozag
Hepliaklqana
Kikubaaqudgha
Makhleb
Nemelex Xobeh
Okawaru
Qazlal
Ru
Sif Muna
Trog
Uskayaw
Vehumet
Wu Jian
Xom
Yredelemnul
Zin
The Shining One
Jiyva
Lugonu

Shops:
D:4 :   D:5 ((=((   D:10 ([=   D:12 !   Orc:1 *=   Orc:2 ??[((   Elf:1 [
Elf:3 *   Swamp:1 ?   Snake:1 [=*   Snake:3 ?*   Vaults:2 (   Vaults:3 =?
Vaults:4 (=   Vaults:5 =*   Depths:1 [

Portals:
Hell: Depths:1 Depths:2
Abyss: Lair:5
Pandemonium: Depths:1 Depths:2
Ziggurat: Depths:2

Annotations:
D:7 1 runed translucent door, Crazy Yiuf
D:13 4 runed translucent doors
Elf:2 3 runed translucent doors
Coc:7 exclusion: ice statue


Innate Abilities, Weirdness & Mutations

You are a lightning-filled tempest!
Your electrical attacks strike out in all directions at once.
You are incredibly evasive.
Your insubstantial body is immune to petrification, constriction, and being set on fire You are flying.
Your armour is entirely melded.
You are incapable of wielding weapons or throwing items.
You cannot wear most types of armour.
You are amphibious.
You can wear up to eight rings at the same time.
You are immune to poison.
((Your skin changes colour to match your surroundings (Stealth+).))
((Your rubbery body absorbs attacks. (AC +1, EV +1)))
((You are camouflaged when in or above water. (Stealth+)))
((You have tentacles for arms and can constrict up to eight enemies at once.))
((You are partially covered in iridescent scales. (AC +2)))
Your body often deteriorates upon taking damage.


Message History

No target in view!
You now have 393 gold pieces (gained 9).
Items here: )) [[.
A seraph, a cherub and a daeva come into view.
The seraph is wielding a +6 great sword of flaming.
The cherub is wielding a +0 falchion of flaming.
The daeva is wielding a +3 long sword of holy wrath.
The seraph moves out of view.
The cherub moves out of view.
The daeva moves out of view.
You see here a +0 flail.
There is a stone staircase leading up, spattered with blood here.
The seraph gestures.
The seraph begins to accept its allies' injuries.
You fly upwards.
There is a stone staircase leading down here.
Aiming: Dig
Press: ? - help, Q - select action, (/) - cycle Shift-Dir - straight line You can't see that place. [a rock wall.]
The rock shatters into small pieces.
Blink to where?
Press: ? - help, Q - select action, (/) - cycle Dir - move target
As you read the scroll of blinking, it crumbles to dust.
Aiming: Dig
Press: ? - help, Q - select action, (/) - cycle Shift-Dir - straight line You can't see that place. [a rock wall.]
The rock shatters into small pieces.
Blink to where?
Press: ? - help, Q - select action, (/) - cycle Dir - move target
As you read the scroll of blinking, it crumbles to dust.
Aiming: Dig
Press: ? - help, Q - select action, (/) - cycle Shift-Dir - straight line You can't see that place. [the floor.]
The rock shatters into small pieces.
You feel energetic enough to blinkbolt again.
Blink to where?
Press: ? - help, Q - select action, (/) - cycle Dir - move target
As you read the scroll of blinking, it crumbles to dust.
There is a staircase leading out of the dungeon here.
You have escaped!

.#...###...#####.# #.#....##
......#.....# #.# #.#.####
........####.##### #.#.#
......#.##...'(..#### ##.#.#
#.).....##.#...#.##.####.#..#
..#.##.#####.#.####.....###.#
..[.....#.........#..###.#.##
#...##.##.##...##.#..# ##.##
#.####..#..#...#v.#..# #.# #.#
#######...####..# #.# ###
#.#######.##..## #..# ##.## #..
..........##.## #..###...## #..
#.#######.##.# #..##.###.###..
#[# #.##.## #.....# #......
#.#######.#...#####..##.###.###..
#...........>..............## #..
###########...######.####### #..


There were no monsters in sight!

Vanquished Creatures
  Cerebov (Pan)
  Antaeus (Coc:7)
  Asmodeus (Geh:7)
  Ereshkigal (Tar:7)
  the Royal Jelly (Slime:5)
  the Serpent of Hell (Tar:7)
  Lom Lobon (Pan)
  Gloorx Vloq (Pan)
  Mnoleg (Pan)
  Dispater (Dis:7)
  6 dread liches
  4 ancient liches
  Mennas (Vaults:2)
  An orb of fire (Zot:5)
  3 juggernauts (Dis:7)
  Boris (Vaults:3)
  19 royal mummies
  2 pandemonium lords (Pan)
  2 Killer Klowns
  The ghost of Tazok the Minotaur Barricade, a veteran MiCA of Jiyva (Depths:1)
  2 curse toes
  10 shard shrikes (Coc:6)
  10 caustic shrikes
  4 golden dragons
  Geryon (Hell)
  16 bone dragons
  Nikola (Swamp:1)
  4 profane servitors
  15 Tzitzimimeh
  12 Brimstone Fiends
  15 doom hounds
  8 tentacled monstrosities
  12 hellephants
  6 iron giants
  14 Ice Fiends
  10 Hell Sentinels
  15 Orb Guardians
  2 electric golems (Zot:5)
  Mlioglotl (Swamp:1)
  3 quicksilver dragons
  21 tainted leviathans
  10 liches
  Asterion (Snake:2)
  A deep elf master archer (Elf:3)
  2 deep elf blademasters (Elf:3)
  27 searing wretches
  5 tentacled starspawn
  A walking frostbound tome (Depths:4)
  10 sphinxes
  8 titans
  Murray (Hell)
  Kirke (Snake:3)
  18 acid blobs
  3 death cobs
  19 ancient champions
  20 Executioners
  11 storm dragons
  8 tengu reavers
  Aizul (Snake:1)
  3 draconian monks
  8 rockslimes
  3 shadow dragons
  16 azure jellies
  3 revenants
  A fenstrider witch (Swamp:4)
  A nagaraja (Snake:4)
  22 narguns
  13 frost giants
  A daeva (Depths:4)
  2 draconian knights (Zot:1)
  14 fire giants
  36 balrugs
  6 draconian scorchers
  5 quicksilver elementals
  2 deep elf elementalists (Elf:3)
  8 deep elf sorcerers
  An imperial myrmidon (Desolation)
  2 shard shrike simulacra (Coc:7)
  10 iron dragons
  12 vault wardens
  The ghost of Speno the Impaler, a journeyman DsWn of Uskayaw (Swamp:4)
  2 spectral caustic shrikes
  5 ghouls
  A caustic shrike zombie (Crypt:3)
  2 draconian stormcallers (Zot:1)
  4 curse skulls
  7 ghost moths
  4 orc warlords
  An angel (Pan)
  3 draconian annihilators (Pan)
  29 ironbound preservers
  21 war gargoyles
  7 quicksilver oozes
  2 demonspawn corrupters (Pan)
  14 cacodemons
  A spectral juggernaut (Tar:3)
  2 formless jellyfish (Slime:5)
  A juggernaut skeleton (Crypt:3)
  14 stone giants
  12 reapers
  2 demonspawn blood saints (Pan)
  24 very ugly things
  15 putrid mouths
  An eleionoma (Swamp:4)
  2 vampire knights
  3 demonspawn black suns (Pan)
  2 ironbound thunderhulks
  5 deep elf demonologists
  4 green draconians
  Nessos (D:12)
  8 lorocyprocas
  4 halazid warlocks (Desolation)
  2 white draconians (Zot:1)
  2 red draconians
  A bunyip (Swamp:2)
  4 bennus (Tomb:2)
  5 purple draconians
  13 elemental wellsprings
  6 dire elephants
  3 black draconians
  2 yellow draconians
  A spectral titan (Tar:2)
  A minotaur (Gauntlet)
  10 wendigos
  9 deep elf annihilators
  15 iron golems
  6 ettins
  4 eidola
  6 deep elf death magi
  15 blizzard demons
  2 crystal guardians
  7 deep elf high priests
  6 green deaths
  21 mummy priests
  Snorg (D:12)
  A spectral fenstrider witch (Tar:1)
  9 yaktaur captains
  Josephine (Swamp:1)
  4 fire dragons
  3 shambling mangroves
  3 entropy weavers
  6 ragged hierophants (Desolation)
  3 spectral spriggans
  Erolcha (D:12)
  7 peacekeepers
  9 great orbs of eyes
  31 vault guards
  6 ice dragons
  4 rakshasas
  6 servants of whispers (Desolation)
  4 caustic shrike simulacra
  5 hell beasts
  A spriggan air mage (Depths:2)
  6 juggernaut simulacra
  21 hydras
  7 ironbound frosthearts
  2 ghost crabs
  8 salamander tyrants
  2 spriggan skeletons
  8 ogre magi
  12 alligators
  5 stokers
  23 centaur warriors
  An alligator (shapeshifter) (Vaults:5)
  10 anacondas
  8 boulder beetles
  44 death scarabs
  A spectral stone giant (Tar:3)
  23 dancing weapons
  6 deep troll shamans
  25 two-headed ogres
  14 naga sharpshooters
  7 tengu warriors
  49 hell hogs
  6 shock serpents
  6 death yaks (Lair:3)
  3 deep troll earth magi
  8 demonic crawlers (Pan)
  2 vampire magi
  12 thrashing horrors
  8 soul eaters
  11 naga warriors
  A hell knight (Depths:4)
  55 sun demons
  3 occultists (Pan)
  Urug (D:12)
  A spectral dire elephant (Tar:5)
  An orc high priest (Orc:1)
  9 iron trolls
  6 wretched stars
  9 deep elf knights
  5 crystal echidnas
  3 skysharks
  A spectral bunyip (Tar:1)
  13 sixfirhies
  18 shadow wraiths
  7 salamander mystics
  17 skeletal warriors
  A quicksilver dragon simulacrum (Coc:4)
  2 anaconda zombies
  A bunyip zombie (Tomb:3)
  A spectral iron dragon (Tar:1)
  A golden dragon zombie (Crypt:3)
  10 swamp dragons
  A cherub (D:2)
  2 goliath frogs
  6 spriggan druids
  9 deep elf archers
  9 shadow demons
  A spectral anaconda (Tar:7)
  10 phantasmal warriors
  A death drake (shapeshifter) (Vaults:5)
  8 glowing orange brains
  3 flayed ghosts
  3 bog bodies
  6 spriggan simulacra
  69 deep trolls
  2 anaconda skeletons
  An iron giant skeleton (Crypt:3)
  4 lindwurms
  5 naga ritualists
  16 starcursed masses
  7 harpies
  5 necromancers
  8 arcanists
  20 ironbound convokers
  16 orc knights
  20 deep elf zephyrmancers
  A spectral ettin (Tar:2)
  An alligator zombie (Hell)
  22 deep elf pyromancers
  A shadow dragon skeleton (Pan)
  A glowing shapeshifter (Vaults:5)
  33 ugly things
  An orc sorcerer (Elf:2)
  5 cyclopes
  10 mana vipers
  4 manticores
  6 shining eyes
  A spectral alligator snapping turtle (Tar:2)
  6 will-o-the-wisps
  An iron dragon skeleton (Crypt:3)
  A spectral centaur (Tar:2)
  4 elephants (Lair:5)
  11 guardian serpents
  2 worldbinders (Abyss:3)
  An eleionoma skeleton (Crypt:3)
  19 salamanders
  12 moths of wrath
  A moth of wrath (shapeshifter) (Vaults:1)
  A guardian serpent (shapeshifter) (D:13)
  A rust devil (Pan)
  An ice statue (Coc:7)
  2 dire elephant zombies (Crypt:3)
  13 vault sentinels
  A minotaur zombie (Gauntlet)
  5 titan simulacra
  A naga zombie (Crypt:3)
  11 cane toads
  20 smoke demons
  18 black mambas
  10 naga magi
  2 centaur skeletons
  8 eyes of devastation
  3 unseen horrors
  A catoblepas zombie (Crypt:3)
  Maggie (Lair:1)
  A sea snake zombie (Hell)
  15 yaktaurs
  8 rime drakes
  12 freezing wraiths
  38 large abominations
  2 naga skeletons (Crypt:3)
  4 ice devils
  8 komodo dragons
  3 anaconda simulacra
  20 orange demons
  29 tormentors
  4 efreet
  22 hellions
  34 guardian mummies
  3 iron giant simulacra
  2 spark wasp simulacra (Depths:1)
  A catoblepas skeleton (Crypt:3)
  A red devil (Abyss:3)
  A komodo dragon (shapeshifter) (Vaults:5)
  2 silent spectres
  3 tengu conjurers
  A white draconian skeleton (Crypt:3)
  A golden dragon simulacrum (Coc:3)
  A spectral naga (Tar:3)
  2 ancient zymes
  A troll (shapeshifter) (Vaults:5)
  A polar bear (shapeshifter) (Lair:5)
  9 hellwings (Pan)
  4 spectral harpies
  Grinder (D:5)
  3 tyrant leeches (Swamp:3)
  A polar bear (Lair:3)
  A tarantella (shapeshifter) (Vaults:5)
  17 hornets
  2 raiju (Lair:5)
  A glass eye (shapeshifter) (Vaults:5)
  3 harpy skeletons (Pan)
  2 tengu simulacra (Depths:1)
  8 trolls
  52 saltlings (Desolation)
  25 blink frogs
  7 glass eyes
  2 iron dragon simulacra
  An ettin zombie (Tomb:1)
  A slime creature (shapeshifter) (Vaults:5)
  A boulder beetle zombie (Crypt:3)
  28 flying skulls
  69 slime creatures
  2 shadows
  3 air elementals
  11 water elementals
  12 spriggans
  An ettin skeleton (Pan)
  16 small abominations
  20 ynoxinuls
  An orc simulacrum (Crypt:3)
  3 ushabtiu
  3 hogs (Snake:3)
  3 dire elephant simulacra
  2 vampires
  9 basilisks
  A fire bat (Abyss:2)
  10 wraiths
  6 wyverns
  16 yaks
  3 fire elementals
  A black mamba skeleton (Pan)
  16 neqoxecs
  25 golden eyes
  2 steam dragons (D:8)
  2 sea snake simulacra (Hell)
  13 chaos spawn
  16 swamp worms
  7 vampire mosquitoes
  Edmund (D:5)
  2 wargs
  A swamp worm (shapeshifter) (Vaults:1)
  8 harpy simulacra
  16 water moccasins
  3 hydra simulacra
  An acid dragon (shapeshifter) (Lair:5)
  30 nagas
  7 swamp drakes
  4 hell hounds (Abyss:2)
  A cane toad zombie (Crypt:3)
  4 black bears
  An ice beast (D:6)
  19 orc warriors
  4 ettin simulacra
  An ice beast (shapeshifter) (Lair:5)
  A sky beast (D:7)
  3 boggarts
  29 ogres
  15 wolves
  2 phantoms (D:5)
  4 centaurs
  A swamp dragon skeleton (Crypt:3)
  A human zombie (Vaults:4)
  5 gnoll sergeants (D:10)
  3 kobold brigands
  12 bullfrogs
  2 necrophages (Crypt:3)
  5 earth elementals
  7 scorpions
  18 wights
  4 killer bees (D:9)
  6 howler monkeys
  2 electric eels (Snake:1)
  A crimson imp (Abyss:2)
  3 jellies
  2 quasits
  8 hounds
  3 gnoll boudas
  19 orc priests
  2 iron imps
  2 sleepcaps (D:5)
  Ijyb (D:5)
  6 iguanas
  17 orc wizards
  9 hell rats
  A sky beast zombie (Crypt:3)
  22 mummies
  13 adders
  24 gnolls
  A shadow imp (D:5)
  18 white imps
  2 ufetubi (Abyss:2)
  2 worms
  A dart slug (D:5)
  58 orcs
  7 bats
  4 endoplasms
  4 giant cockroaches
  4 goblins
  6 hobgoblins
  18 jackals
  14 kobolds
  3 quokkas
  8 ball pythons
  3 frilled lizards
  4 rats
  A spectral orc (D:15)
  A butterfly (D:6)
  6 creeping infernos
  14 fire vortices
  A spectral weapon (Swamp:2)
  8 starspawn tentacles
3183 creatures vanquished.

Vanquished Creatures (collateral kills)
  3 royal mummies (Tomb:1)
  A golden dragon (Zot:5)
  2 Killer Klowns (Zot:5)
  10 Orb Guardians (Zot:5)
  A deep elf master archer (Elf:3)
  Donald (Swamp:4)
  Roxanne (D:14)
  A revenant (Tomb:1)
  2 draconian knights (Zot:5)
  A caustic shrike skeleton (Tomb:2)
  A draconian annihilator (Zot:5)
  A draconian stormcaller (Zot:5)
  A cacodemon (Zot:5)
  A lorocyproca (Tomb:2)
  A white draconian (Zot:5)
  A yellow draconian (Zot:5)
  A mummy priest (Tomb:3)
  A hydra (Swamp:4)
  3 skeletal warriors
  A sixfirhy (Zot:5)
  A swamp dragon (Swamp:4)
  A moth of wrath (Zot:5)
  A naga zombie (Tomb:3)
  2 orange demons (Zot:5)
  An ice statue (Coc:7)
  A cane toad (Lair:1)
  9 guardian mummies
  A bloated husk (Swamp:4)
  A hornet (Swamp:4)
  A tyrant leech (Swamp:4)
  An air elemental (Elf:3)
  4 flying skulls
  A spriggan (Swamp:4)
  An ushabti (Tomb:3)
  7 yaks (Lair:1)
  A swamp worm (Swamp:4)
  A water moccasin (Lair:1)
  A swamp drake (Swamp:4)
  2 bullfrogs (Lair:1)
  7 mummies
80 creatures vanquished.

Vanquished Creatures (others)
  7 royal mummies
  A Killer Klown (Zot:5)
  A golden dragon (Zot:5)
  A tentacled monstrosity (Zot:5)
  A lich (Tomb:1)
  5 Orb Guardians (Zot:5)
  An ancient champion (Tomb:2)
  An eldritch tentacle (Pan)
  A ghost moth (Zot:5)
  A shard shrike simulacrum (Coc:7)
  A yellow draconian (Zot:5)
  3 mummy priests (Tomb:2)
  A ragged hierophant (Desolation)
  A caustic shrike simulacrum (Coc:6)
  A juggernaut simulacrum (Coc:6)
  An alligator (Swamp:4)
  An occultist (Pan)
  A deep elf knight (Elf:2)
  2 skeletal warriors (Tomb:2)
  2 spriggan simulacra
  A deep elf pyromancer (Elf:3)
  A smoke demon (Pan)
  An anaconda simulacrum (Coc:3)
  A tormentor (Geh:2)
  7 guardian mummies (Tomb:2)
  2 bloated husks (Swamp:4)
  4 flying skulls (Tomb:2)
  2 humans (Snake:3)
  A chaos spawn (Zot:5)
  A harpy simulacrum (Coc:7)
  A swamp worm (Swamp:4)
  A boggart (D:15)
  A small abomination (Abyss:2)
  10 mummies (Tomb:2)
  3 kobolds (D:8)
  3 ball lightnings (Pan)
  2 creeping infernos
  10 foxfires
  6 starspawn tentacles
92 creatures vanquished.

Grand Total: 3355 creatures vanquished

Notes
Turn   | Place    | Note
-------+----------+-------------------------------------------
     0 | D:1      | DevouringOne the Octopode Shapeshifter began the quest for
                  | the Orb.
     0 | D:1      | Reached XP level 1. HP: 13/13 MP: 1/1
   140 | D:1      | Reached XP level 2. HP: 17/18 MP: 2/2
   500 | D:1      | Reached XP level 3. HP: 20/24 MP: 3/3
   842 | D:2      | Identified the ring of Muimybb {Drain rF+++ Will+ MP+9
                  | Int+2}
   878 | D:2      | Reached XP level 4. HP: 28/30 MP: 3/4
  1920 | D:3      | Reached XP level 5. HP: 35/36 MP: 5/5
  2564 | D:4      | Reached skill level 5 in Unarmed Combat
  2564 | D:4      | Reached XP level 6. HP: 40/43 MP: 6/6
  3068 | D:4      | Found Domiphecw's Book Shoppe.
  3209 | D:4      | Found a glowing silver altar of Zin.
  3644 | D:5      | Entered Level 5 of the Dungeon
  3688 | D:5      | Noticed Grinder
  3702 | D:5      | Killed Grinder
  3703 | D:5      | Reached skill level 5 in Fighting
  3703 | D:5      | Reached XP level 7. HP: 50/50 MP: 7/7
  3710 | D:5      | Noticed Ijyb
  3718 | D:5      | Killed Ijyb
  3738 | D:5      | Noticed Edmund
  3740 | D:5      | Found Filiribb's Jewellery Shoppe.
  3752 | D:5      | Found Qoss's Weapon Shoppe.
  3752 | D:5      | Found Ywnumiot's Weapon Shoppe.
  3775 | D:5      | Killed Edmund
  3812 | D:5      | Reached XP level 8. HP: 54/57 MP: 8/8
  4334 | D:5      | Found Coanaor's Antique Weapon Emporium.
  4378 | D:5      | Found Foistaot's Antique Weapon Shop.
  4444 | D:5      | Found a hazy altar of Hepliaklqana.
  4445 | D:5      | Identified a scroll of acquirement
  4447 | D:5      | Acquired 1098 gold pieces
  4518 | D:5      | Bought the ring of Orugak {MP+9 Str+6 Int+3 Slay+3} for
                  | 1131 gold pieces
  4695 | D:6      | Reached XP level 9. HP: 57/65 MP: 9/9
  4724 | D:6      | Found a staircase to the Ecumenical Temple.
  4743 | Temple   | Entered the Ecumenical Temple
  4900 | D:6      | Reached skill level 5 in Shapeshifting
  4930 | D:6      | Noticed a two-headed ogre
  4965 | D:6      | Killed a two-headed ogre
  5610 | D:7      | Found a radiant altar of Vehumet.
  5664 | D:7      | Reached XP level 10. HP: 69/72 MP: 10/10
  5709 | D:7      | Found a sacrificial altar of Ru.
  5892 | D:7      | Found a runed translucent door.
  5893 | D:7      | Noticed Crazy Yiuf
  6031 | D:7      | Found a shimmering altar of Xom.
  6398 | D:8      | Reached skill level 10 in Shapeshifting
  6525 | D:8      | Found an opulent altar of Gozag.
  6541 | D:8      | Became a worshipper of Gozag Ym Sagoz the Greedy
  6762 | D:8      | Paralysed by a hornet for 1 turns
  7131 | D:9      | Noticed a two-headed ogre
  7143 | D:9      | Killed a two-headed ogre
  7307 | D:9      | Reached XP level 11. HP: 67/76 MP: 11/11
  7351 | D:9      | Found a staircase to the Lair.
  7436 | D:9      | Noticed a two-headed ogre
  7797 | D:9      | Noticed a two-headed ogre
  7809 | D:9      | Killed a two-headed ogre
  7978 | D:10     | Entered Level 10 of the Dungeon
  7988 | D:10     | Noticed a two-headed ogre
  8317 | D:10     | Noticed a cyclops
  8381 | D:10     | Found Ymmush's Jewellery Shoppe.
  8486 | D:10     | Found Ojiuthru's Armour Shop.
  8488 | D:10     | Found a staircase to the Orcish Mines.
  8488 | D:10     | Noticed an orc knight
  8489 | D:10     | Found Urel's Weapon Shop.
  8518 | D:10     | Killed an orc knight
  8613 | D:10     | Found a hide-covered altar of Uskayaw.
  8911 | D:10     | Killed a two-headed ogre
  9354 | D:11     | Noticed a cyclops
  9420 | D:11     | Killed a cyclops
  9492 | D:10     | Bought a storm talisman for 960 gold pieces
  9632 | D:11     | Noticed a two-headed ogre
  9641 | D:11     | Killed a two-headed ogre
  9642 | D:11     | Reached XP level 12. HP: 82/82 MP: 12/12
  9862 | Orc:1    | Entered Level 1 of the Orcish Mines
  9862 | Orc:1    | Found Dunitame's Jewellery Boutique.
  9915 | Orc:1    | Found Usepluel's Gadget Gallery.
  9917 | Orc:1    | Found a burning altar of Makhleb.
  9917 | Orc:1    | Noticed an orc high priest
  9947 | Orc:1    | Killed an orc high priest
 10138 | Orc:2    | Entered Level 2 of the Orcish Mines
 10138 | Orc:2    | Noticed a two-headed ogre
 10157 | Orc:2    | Killed a two-headed ogre
 10227 | Orc:1    | Noticed an orc warlord
 10235 | Orc:1    | HP: 4/82 [orc warrior/+0 scimitar[an orc warlord] (31)]
 10551 | Orc:2    | Found a staircase to the Elven Halls.
 10703 | D:9      | Killed a two-headed ogre
 10704 | D:9      | Reached skill level 5 in Dodging
 10839 | D:5      | Bought a dragon-blood talisman for 840 gold pieces
 11098 | Orc:2    | Noticed a two-headed ogre
 11098 | Orc:2    | Noticed a two-headed ogre
 11098 | Orc:2    | Noticed a two-headed ogre
 11098 | Orc:2    | Noticed a two-headed ogre
 11098 | Orc:2    | Noticed a two-headed ogre
 11098 | Orc:2    | Noticed a two-headed ogre
 11100 | Orc:2    | Killed a two-headed ogre
 11100 | Orc:2    | Noticed an ogre mage
 11101 | Orc:2    | Reached skill level 15 in Shapeshifting
 11102 | Orc:2    | Killed a two-headed ogre
 11104 | Orc:2    | Noticed an ogre mage
 11105 | Orc:2    | Killed a two-headed ogre
 11108 | Orc:2    | Killed a two-headed ogre
 11115 | Orc:2    | Noticed a two-headed ogre
 11122 | Orc:2    | Killed a two-headed ogre
 11126 | Orc:2    | Paralysed by an ogre mage for 2 turns
 11138 | Orc:2    | Killed a two-headed ogre
 11139 | Orc:2    | Killed a two-headed ogre
 11143 | Orc:2    | Found Fatsar's Magic Scroll Emporium.
 11143 | Orc:2    | Found Newn's Antique Armour Shop.
 11143 | Orc:2    | Found Ezaps's Magic Scroll Shop.
 11143 | Orc:2    | Found Sewingy's Antique Weapon Shoppe.
 11143 | Orc:2    | Noticed a two-headed ogre
 11143 | Orc:2    | Noticed a two-headed ogre
 11143 | Orc:2    | Noticed an ogre mage
 11143 | Orc:2    | Noticed a two-headed ogre
 11143 | Orc:2    | Noticed a two-headed ogre
 11143 | Orc:2    | Noticed an ogre mage
 11175 | Orc:2    | Paralysed by an ogre mage for 3 turns
 11179 | Orc:2    | Killed an ogre mage
 11221 | Orc:2    | Killed a two-headed ogre
 11222 | Orc:2    | Reached XP level 13. HP: 88/88 MP: 13/13
 11424 | Orc:2    | Bought a scroll of blinking for 97 gold pieces
 11424 | Orc:2    | Bought a scroll of revelation for 97 gold pieces
 11424 | Orc:2    | Bought a scroll of blinking for 97 gold pieces
 11425 | Orc:2    | Bought a scroll of teleportation for 42 gold pieces
 11554 | Orc:2    | Bought 2 scrolls of summoning for 266 gold pieces
 11878 | Orc:2    | Found Sacicuu's Weapon Emporium.
 12119 | Lair:1   | Entered Level 1 of the Lair of Beasts
 12224 | Lair:1   | Found a gate leading to a gauntlet.
 12235 | Lair:1   | Noticed Maggie
 12242 | Gauntlet | Entered a Gauntlet
 12242 | Gauntlet | Found a transporter.
 12286 | Gauntlet | Found a transporter.
 12300 | Gauntlet | Found a transporter.
 12304 | Gauntlet | Noticed a green death
 12305 | Gauntlet | Found a transporter.
 12320 | Gauntlet | Found a transporter.
 12339 | Gauntlet | Found a transporter.
 12351 | Gauntlet | Found a transporter.
 12363 | Gauntlet | Found a transporter.
 12375 | Gauntlet | Found a transporter.
 12383 | Gauntlet | Noticed a green death
 12387 | Gauntlet | Found a transporter.
 12404 | Gauntlet | Found a transporter.
 12422 | Gauntlet | Found a transporter.
 12424 | Gauntlet | Found a transporter.
 12451 | Gauntlet | Found a transporter.
 12451 | Gauntlet | Found a transporter.
 12484 | Gauntlet | Found a transporter.
 12489 | Gauntlet | Found a transporter.
 12543 | Gauntlet | Identified the +2 pair of gloves of the Distant Future
                  | {Str+5 Dex-2}
 12574 | Gauntlet | Killed a green death
 12588 | Gauntlet | Identified the ring of Poegamp {rElec rPois rC+++ Will+
                  | Stlth-}
 12636 | Gauntlet | Identified the +9 orcbow of Udghuzen {flame, rC++}
 12636 | Gauntlet | Noticed a minotaur
 12640 | Gauntlet | Killed a minotaur
 12642 | Gauntlet | Got the Incunable of the Body
 12695 | Lair:1   | Killed Maggie
 12870 | Lair:1   | Got the Annotations on Blistering Violence
 13265 | Lair:2   | Reached XP level 14. HP: 93/93 MP: 14/14
 13290 | Lair:2   | Found a staircase to the Snake Pit.
 13551 | Lair:2   | Found a staircase to the Swamp.
 13840 | Lair:3   | You are sucked into a shaft and drop 2 floors!
 13840 | Lair:5   | Entered Level 5 of the Lair of Beasts
 14018 | Lair:4   | Identified the +5 quarterstaff of Conscience {drain, *Rage
                  | +Blink rF++ Will-}
 14098 | Lair:4   | Found a viscous altar of Jiyva.
 14098 | Lair:4   | Found a staircase to the Slime Pits.
 16094 | Lair:5   | Reached XP level 15. HP: 99/99 MP: 15/15
 16175 | Lair:5   | Identified the amulet of Unepn {Acrobat *Slow rPois Dex-5
                  | Slay+5}
 16242 | Lair:5   | Found a corrupted altar of Lugonu.
 16242 | Lair:5   | Found a one-way gate to the infinite horrors of the Abyss.
 16864 | D:12     | Noticed Nessos
 16879 | D:12     | Killed Nessos
 16971 | D:12     | Noticed Snorg
 16977 | D:12     | Killed Snorg
 17149 | D:12     | Bought a potion of mutation for 112 gold pieces
 17149 | D:12     | Bought a potion of haste for 140 gold pieces
 17149 | D:12     | Bought a potion of haste for 140 gold pieces
 17151 | D:12     | Bought a scroll of fog for 48 gold pieces
 17151 | D:12     | Bought a scroll of poison for 48 gold pieces
 17151 | D:12     | Bought a scroll of teleportation for 36 gold pieces
 17151 | D:12     | Bought a scroll of poison for 48 gold pieces
 17151 | D:12     | Bought a scroll of identify for 24 gold pieces
 17151 | D:12     | Bought a scroll of torment for 114 gold pieces
 17151 | D:12     | Bought a scroll of identify for 24 gold pieces
 17219 | D:12     | Noticed Urug
 17225 | D:12     | Killed Urug
 17271 | D:12     | Found a broken altar of Ashenzari.
 17495 | D:12     | Noticed Erolcha
 17501 | D:12     | Killed Erolcha
 18120 | D:13     | Found a gate to the Vaults.
 18168 | D:13     | Found a runed translucent door.
 18174 | D:13     | Found a runed translucent door.
 18186 | D:13     | Found a runed translucent door.
 18201 | D:13     | Found a runed translucent door.
 18252 | D:14     | Noticed Roxanne
 18342 | D:14     | Killed Roxanne
 18998 | D:15     | Entered Level 15 of the Dungeon
 19017 | D:15     | Found a staircase to the Depths.
 19141 | D:15     | Reached XP level 16. HP: 93/104 MP: 16/16
 19569 | D:15     | Found a basalt altar of Yredelemnul.
 19750 | Snake:1  | Entered Level 1 of the Snake Pit
 20402 | Snake:1  | Found Ratziw's General Store.
 20404 | Snake:1  | Found Nasanaun's Jewellery Emporium.
 20407 | Snake:1  | Found Suxzis's Armour Shoppe.
 20528 | Snake:1  | Found a shimmering altar of Xom.
 20676 | Snake:1  | Identified the serpent talisman "Feps" {MP+9 Dex+3}
 20676 | Snake:1  | Noticed Aizul
 20681 | Snake:1  | Killed Aizul
 20968 | Snake:2  | Noticed Asterion
 20975 | Snake:2  | Killed Asterion
 21350 | Snake:3  | Noticed Kirke
 21356 | Snake:3  | Killed Kirke
 21669 | Snake:3  | Reached skill level 10 in Unarmed Combat
 21741 | Snake:3  | Bought a scroll of fear for 60 gold pieces
 21741 | Snake:3  | Bought a scroll of teleportation for 45 gold pieces
 21741 | Snake:3  | Bought a scroll of fog for 60 gold pieces
 22131 | Snake:4  | Entered Level 4 of the Snake Pit
 22160 | Snake:4  | Reached skill level 10 in Fighting
 22168 | Snake:4  | Found an ancient bone altar of Kikubaaqudgha.
 22210 | Snake:4  | Reached XP level 17. HP: 115/115 MP: 17/17
 23077 | Snake:4  | Got a serpentine rune of Zot
 23301 | Swamp:1  | Entered Level 1 of the Swamp
 23304 | Swamp:1  | Bought a scroll of poison for 44 gold pieces
 23304 | Swamp:1  | Bought a scroll of summoning for 104 gold pieces
 23304 | Swamp:1  | Bought a scroll of fear for 44 gold pieces
 23304 | Swamp:1  | Bought a scroll of revelation for 82 gold pieces
 23316 | Swamp:1  | Noticed Josephine
 23327 | Swamp:1  | Killed Josephine
 23333 | Swamp:1  | Noticed Nikola
 23352 | Swamp:1  | Killed Nikola
 23394 | Swamp:1  | Noticed Mlioglotl
 23403 | Swamp:1  | Killed Mlioglotl
 24075 | Swamp:2  | Reached XP level 18. HP: 96/127 MP: 18/18
 25079 | Swamp:4  | Entered Level 4 of the Swamp
 25079 | Swamp:4  | Found a runed translucent gate.
 25079 | Swamp:4  | Found a runed translucent gate.
 25079 | Swamp:4  | Found a runed translucent gate.
 25080 | Swamp:4  | Noticed Speno's ghost (journeyman DsWn)
 25086 | Swamp:4  | Noticed Donald
 25101 | Swamp:4  | Killed Donald
 25506 | Swamp:4  | Killed Speno's ghost
 25537 | Swamp:4  | Identified the +0 spear of the Pharaoh's Fist {drain, Will+
                  | Int+3}
 25539 | Swamp:4  | Identified the +1 long sword "Xakaf" {heavy, Str+3 Dex+5}
 25639 | Swamp:4  | Got a decaying rune of Zot
 25983 | Elf:1    | Entered Level 1 of the Elven Halls
 26031 | Elf:1    | Reached skill level 15 in Unarmed Combat
 26221 | Elf:1    | Reached skill level 15 in Fighting
 26449 | Elf:1    | Found Nangeu's Antique Armour Shop.
 26489 | Elf:1    | Reached XP level 19. HP: 139/139 MP: 19/19
 26869 | Elf:2    | Found a runed translucent gate.
 26870 | Elf:2    | Found a runed translucent gate.
 26870 | Elf:2    | Found a runed translucent gate.
 27021 | Elf:3    | Entered Level 3 of the Elven Halls
 27345 | Elf:3    | Identified the +5 mace of Fragile Peace {heavy, Contam
                  | rPois Str+2}
 27374 | Elf:3    | Identified the +5 chain mail of the Heavens {rF+ Str+6}
 27383 | Elf:3    | Identified the ring of Vehifouh {Ice rElec}
 27409 | Elf:3    | Got Okoclet's Tome of the Baleful Damned
 27428 | Elf:3    | Identified the ring "Micomacua" {rC+ Int+6 Dex+3}
 27452 | Elf:3    | Found the +7 captain's cutlass {speed, disarm}
 27488 | Elf:3    | Identified the +8 eveningstar "Wumaqir" {freeze, rN+}
 27488 | Elf:3    | Identified the ring of the Morning {rC++ MP+9}
 27706 | Elf:3    | Found Coizaityi's General Store.
 27733 | Elf:3    | Bought a scroll of fear for 52 gold pieces
 28161 | Vaults:1 | Entered Level 1 of the Vaults
 28285 | Vaults:1 | Reached XP level 20. HP: 131/149 MP: 20/20
 29811 | Vaults:2 | Found Nauje's Weapon Boutique.
 29960 | Vaults:2 | Reached skill level 10 in Dodging
 30406 | Vaults:2 | Noticed Mennas
 30412 | Vaults:2 | Killed Mennas
 30563 | Vaults:3 | Noticed Boris
 30576 | Vaults:3 | Killed Boris
 30583 | Vaults:3 | Reached XP level 21. HP: 90/154 MP: 21/21
 30667 | Vaults:3 | Bought a scroll of summoning for 152 gold pieces
 30667 | Vaults:3 | Bought a scroll of teleportation for 48 gold pieces
 30667 | Vaults:3 | Bought a scroll of fog for 64 gold pieces
 30667 | Vaults:3 | Bought a scroll of immolation for 64 gold pieces
 30671 | Vaults:3 | Identified the ring of Ruken {+Blink AC+4 Int+3}
 31433 | Vaults:3 | Found a staircase to the Crypt.
 31598 | Vaults:4 | Found Qiapsiv's Weapon Shoppe.
 31997 | Vaults:4 | Found a crumbling gateway.
 32004 | Desolati | Entered the Desolation of Salt
 32098 | Desolati | Identified the amulet of Finality {Faith rElec rPois Int-5
                  | Dex+4}
 32101 | Desolati | Identified the +0 ice dragon scales of Zuuv {rF- rC++
                  | Int+2}
 32105 | Desolati | Identified the ring "Momixe" {rPois rF+ rC+ rCorr Str+5}
 32234 | Desolati | Identified the +8 trident of Inference {drain, rF- Will+
                  | Dex+3}
 32238 | Desolati | Identified the ring "Paick" {rF+ rC+ rN+}
 32244 | Desolati | Got the Codex of Mustering and the Switch
 32320 | Desolati | Identified the ring of Ufew {rN+ MP-9 Str+3 Slay+4 SInv}
 33337 | Vaults:4 | Reached XP level 22. HP: 169/169 MP: 22/22
 33387 | Vaults:4 | Found Edufen's Jewellery Emporium.
 33450 | Vaults:5 | Entered Level 5 of the Vaults
 33693 | Vaults:5 | Identified the +0 pair of gloves of the Vacuum {rN+}
 33818 | Vaults:5 | Got a silver rune of Zot
 33892 | Vaults:5 | Got the Papyrus of Vitiation and the Vector
 34088 | Vaults:5 | Noticed a golden dragon
 34098 | Vaults:5 | Killed a golden dragon
 34409 | Vaults:5 | Reached XP level 23. HP: 183/183 MP: 23/23
 34456 | Vaults:5 | Bought the ring "Enoeqof" {Wiz rF+ rC+ Will+} for 849 gold
                  | pieces
 34636 | Vaults:5 | Identified the staff of Charity {rElec Str+3 Dex+4 Air}
 34857 | Vaults:5 | Identified the +0 shortbow of Garaw {antimagic, rElec
                  | Str+2}
 35162 | Vaults:5 | Got the Precepts of Formation and Bombardment
 35164 | Vaults:5 | Identified the +0 cloak of the Spider Nest {+Inv rElec
                  | Dex+4}
 35354 | Depths:1 | Entered Level 1 of the Depths
 35457 | Depths:1 | Found a runed translucent gate.
 35464 | Depths:1 | Found a runed translucent gate.
 35465 | Depths:1 | Found a runed translucent gate.
 35482 | Depths:1 | Found Haitod's Superior Scales.
 35624 | Depths:1 | Noticed Tazok's ghost (veteran MiCA)
 35635 | Depths:1 | Killed Tazok's ghost
 35659 | Depths:1 | Identified the +3 falchion "Saunt" {speed, rPois Dex+3}
 35706 | Depths:1 | Identified the +4 helmet of Broken Taboos {rCorr}
 35850 | Depths:1 | Found a gateway to Hell.
 35875 | Depths:1 | Found a one-way gate leading to the halls of Pandemonium.
 36234 | Slime:1  | Entered Level 1 of the Pits of Slime
 36266 | Slime:1  | Reached skill level 15 in Dodging
 36540 | Slime:5  | Entered Level 5 of the Pits of Slime
 36597 | Slime:5  | Reached XP level 24. HP: 178/192 MP: 23/23
 36937 | Slime:5  | Noticed the Royal Jelly
 36946 | Slime:5  | Killed the Royal Jelly
 37140 | Slime:5  | Found the amulet of the Air {Inacc Air Fly rElec RMsl}
 37163 | Slime:5  | Identified the staff of Hell's Wrath {rElec Int+5 Air}
 37165 | Slime:5  | Got a slimy rune of Zot
 37183 | Slime:5  | Identified the +5 great sword "Useeggir" {heavy, rC+ Will+}
 37188 | Slime:5  | Identified the scarf "Zaru" {repulsion, Dex+5}
 37190 | Slime:5  | Identified the +3 halberd of Causality {elec, rF+ MP+9}
 37229 | Slime:5  | Identified the +1 scimitar of Equilibrium {spect, rF+++
                  | Str-4 Dex+3}
 37260 | Slime:5  | Identified the +5 battleaxe of the Thirteen Shrikes {pain,
                  | rF+ rC+ Int-2}
 38020 | Pan      | Entered Pandemonium
 38135 | Pan      | Entered the realm of Gloorx Vloq.
 38209 | Pan      | Identified the +2 chain mail of the New World {Will+}
 38728 | Pan      | Noticed Gloorx Vloq
 38739 | Pan      | Killed Gloorx Vloq
 38770 | Pan      | Got a dark rune of Zot
 38955 | Pan      | Entered the realm of Lom Lobon.
 39381 | Pan      | Identified the +3 war axe of Equivalence {heavy, Drain
                  | Str+8 Dex+5}
 39550 | Pan      | Noticed Lom Lobon
 39578 | Pan      | Killed Lom Lobon
 39650 | Pan      | Got a magical rune of Zot
 39829 | Pan      | Found an exit through the horrors of the Abyss.
 39951 | Pan      | Reached XP level 25. HP: 183/198 MP: 23/23
 40059 | Pan      | Noticed Acev the pandemonium lord
 40111 | Pan      | Noticed Datonir the pandemonium lord
 40111 | Pan      | Found a runed translucent door.
 40115 | Pan      | Killed Datonir the pandemonium lord
 40137 | Pan      | Gained mutation: You sometimes lose your temper in combat.
                  | [a cacodemon]
 40156 | Pan      | Got a demonic rune of Zot
 40241 | Pan      | Found an exit through the horrors of the Abyss.
 40243 | Pan      | Entered the realm of Mnoleg.
 40265 | Pan      | Gained mutation: You occasionally lose the ability to read
                  | scrolls when taking damage. [a neqoxec]
 40273 | Pan      | Gained mutation: You sometimes lose the ability to read
                  | scrolls when taking damage. [a cacodemon]
 40281 | Pan      | Noticed Mnoleg
 40282 | Pan      | Gained mutation: Your spells are a little easier to cast,
                  | but a little less powerful. [a neqoxec]
 40297 | Pan      | Killed Mnoleg
 40307 | Pan      | Gained mutation: You are robust. (+10% HP) [a neqoxec]
 40314 | Pan      | Lost mutation: You are robust. (+10% HP) [a neqoxec]
 40637 | Pan      | Got a glowing rune of Zot
 40692 | Pan      | Gained mutation: You are clumsy. (Dex -2) [a cacodemon]
 40695 | Pan      | Gained mutation: Your body sometimes deteriorates upon
                  | taking damage. [a cacodemon]
 40712 | Pan      | Gained mutation: You are weak. (Str -2) [a cacodemon]
 40873 | Pan      | Lost mutation: Your body sometimes deteriorates upon taking
                  | damage. [potion of mutation]
 40873 | Pan      | Lost mutation: You are weak. (Str -2) [potion of mutation]
 40873 | Pan      | Lost mutation: Your spells are a little easier to cast, but
                  | a little less powerful. [potion of mutation]
 40873 | Pan      | Gained mutation: You expend magic power (3 MP) to
                  | strengthen your wands. [potion of mutation]
 40873 | Pan      | Lost mutation: You expend magic power (3 MP) to strengthen
                  | your wands. [potion of mutation]
 40873 | Pan      | Gained mutation: You are partially covered in iridescent
                  | scales. (AC +2) [potion of mutation]
 40874 | Pan      | Lost mutation: You are clumsy. (Dex -2) [potion of
                  | mutation]
 40874 | Pan      | Lost mutation: You sometimes lose your temper in combat.
                  | [potion of mutation]
 40874 | Pan      | Gained mutation: You are mostly covered in iridescent
                  | scales. (AC +4) [potion of mutation]
 40874 | Pan      | Lost mutation: You sometimes lose the ability to read
                  | scrolls when taking damage. [potion of mutation]
 40874 | Pan      | Gained mutation: Your natural rate of healing is unusually
                  | fast. [potion of mutation]
 40992 | Pan      | Lost mutation: Your natural rate of healing is unusually
                  | fast. [a cacodemon]
 41015 | Pan      | Noticed Lyfric the pandemonium lord
 41026 | Pan      | Killed Lyfric the pandemonium lord
 41220 | Pan      | Entered the realm of Cerebov.
 41351 | Pan      | Found an exit through the horrors of the Abyss.
 41659 | Pan      | Reached XP level 26. HP: 168/206 MP: 23/23
 41662 | Pan      | Identified the ring "Muhumuas" {*Slow EV+5 Str+3}
 41695 | Pan      | Identified the +6 battleaxe of the Sugar Beet {venom,
                  | Fragile +Blink Will+}
 41807 | Pan      | Identified the +5 lajatang of Greed {freeze, *Slow Str+3
                  | Stlth+}
 41814 | Pan      | Identified the +0 robe of a bazaar {rC+}
 41996 | Pan      | Found the +6 sword of Cerebov {flame}
 41996 | Pan      | Noticed Cerebov
 42016 | Pan      | Killed Cerebov
 42078 | Pan      | Got a fiery rune of Zot
 42163 | Pan      | Took an exit into the Abyss.
 42163 | Abyss:1  | Escaped into the Abyss
 42195 | Abyss:1  | Found a corrupted altar of Lugonu.
 42198 | Abyss:1  | Found a corrupted altar of Lugonu.
 42291 | Abyss:2  | Found a corrupted altar of Lugonu.
 43040 | Abyss:3  | Got an abyssal rune of Zot
 43234 | Depths:2 | Escaped the Abyss
 43245 | Depths:2 | Identified the +7 longbow of Ancient Evil {freeze, rF++
                  | SInv}
 43315 | Depths:2 | Found a one-way gateway to a ziggurat.
 43387 | Hell     | Entered the Vestibule of Hell
 43387 | Hell     | Noticed Geryon
 43401 | Hell     | Killed Geryon
 43482 | Hell     | Found a gateway to the decaying netherworld of Tartarus.
 43490 | Tar:1    | Entered Level 1 of Tartarus
 43547 | Tar:2    | Reached XP level 27. HP: 144/211 MP: 23/23
 43779 | Tar:2    | Lost mutation: You occasionally lose the ability to read
                  | scrolls when taking damage. [potion of mutation]
 43779 | Tar:2    | Lost mutation: You are mostly covered in iridescent scales.
                  | (AC +4) [potion of mutation]
 43779 | Tar:2    | Gained mutation: Your magical capacity is low. (-10% MP)
                  | [potion of mutation]
 44295 | Tar:5    | You are sucked into a shaft and drop 1 floor!
 44701 | Tar:7    | Entered Level 7 of Tartarus
 44877 | Tar:7    | Noticed a dread lich
 44880 | Tar:7    | Killed a dread lich
 44881 | Tar:7    | Noticed a dread lich
 44887 | Tar:7    | Killed a dread lich
 44894 | Tar:7    | Noticed a dread lich
 44896 | Tar:7    | Paralysed by a dread lich for 3 turns
 44909 | Tar:7    | Killed a dread lich
 45167 | Tar:7    | Noticed the Serpent of Hell
 45187 | Tar:7    | Killed the Serpent of Hell
 45188 | Tar:7    | Noticed Ereshkigal
 45207 | Tar:7    | Killed Ereshkigal
 45273 | Tar:7    | Got a bone rune of Zot
 45441 | Hell     | Found a gateway to the ashen valley of Gehenna.
 45462 | Geh:1    | Entered Level 1 of Gehenna
 45475 | Geh:1    | Reached skill level 1 in Stealth
 45501 | Geh:1    | Reached skill level 5 in Stealth
 45751 | Geh:2    | Noticed an ancient lich
 45816 | Geh:2    | Killed an ancient lich
 45821 | Geh:2    | Reached skill level 10 in Stealth
 46028 | Geh:4    | Noticed an ancient lich
 46028 | Geh:4    | Noticed an ancient lich
 46028 | Geh:4    | Noticed a dread lich
 46028 | Geh:4    | Noticed a dread lich
 46028 | Geh:4    | Noticed a dread lich
 46042 | Geh:4    | Killed an ancient lich
 46043 | Geh:4    | Killed a dread lich
 46044 | Geh:4    | Killed a dread lich
 46064 | Hell     | Killed a dread lich
 46302 | Geh:4    | Killed an ancient lich
 46315 | Geh:4    | Noticed an ancient lich
 46343 | Geh:4    | Killed an ancient lich
 46727 | Geh:7    | Entered Level 7 of Gehenna
 47431 | Geh:7    | Found the +13 sceptre of Asmodeus
 47431 | Geh:7    | Noticed Asmodeus
 47446 | Geh:7    | Killed Asmodeus
 47447 | Geh:7    | Reached skill level 27 in Unarmed Combat
 47465 | Geh:7    | Identified the ring "Ostrapipe" {rF- Will+ rCorr Str+3}
 47544 | Geh:7    | Got Sif Muna's Guidebook on Entrancing Reformation
 47575 | Geh:7    | Got an obsidian rune of Zot
 47812 | Hell     | Found a gateway to the freezing wastes of Cocytus.
 47820 | Hell     | Noticed Murray
 47830 | Hell     | Killed Murray
 47845 | Coc:1    | Entered Level 1 of Cocytus
 48263 | Coc:4    | You are sucked into a shaft and drop 1 floor!
 48263 | Coc:5    | Noticed a dread lich
 48468 | Coc:7    | Entered Level 7 of Cocytus
 48481 | Coc:7    | Reached skill level 27 in Shapeshifting
 48751 | Coc:7    | Identified the +3 sling "Eckiastall" {heavy, rPois rC++
                  | Dex+10}
 48860 | Coc:7    | Reached skill level 27 in Dodging
 48865 | Coc:7    | Noticed Antaeus
 48919 | Coc:7    | Killed Antaeus
 48946 | Coc:7    | Got an icy rune of Zot
 48955 | Coc:7    | Identified the +8 falchion "Kiocede" {freeze, rC+}
 49085 | Hell     | Found a gateway to the Iron City of Dis.
 49094 | Dis:1    | Entered Level 1 of the Iron City of Dis
 49780 | Dis:7    | Entered Level 7 of the Iron City of Dis
 49908 | Dis:7    | Noticed a juggernaut
 49914 | Dis:7    | Noticed a juggernaut
 49915 | Dis:7    | Killed a juggernaut
 49924 | Dis:7    | Killed a juggernaut
 49994 | Dis:7    | Noticed a juggernaut
 50003 | Dis:7    | Killed a juggernaut
 50075 | Dis:7    | Noticed Dispater
 50096 | Dis:7    | Killed Dispater
 50151 | Dis:7    | Got an iron rune of Zot
 50197 | Dis:7    | Reached skill level 27 in Fighting
 50500 | Crypt:1  | Entered Level 1 of the Crypt
 50520 | Crypt:3  | Entered Level 3 of the Crypt
 50612 | Crypt:3  | Found a staircase to the Tomb.
 50633 | Tomb:1   | Entered Level 1 of the Tomb of the Ancients
 50695 | Tomb:1   | Reached skill level 15 in Stealth
 50751 | Tomb:1   | Noticed a royal mummy
 50758 | Tomb:1   | Killed a royal mummy
 50974 | Tomb:1   | Noticed a royal mummy
 50987 | Tomb:1   | Killed a royal mummy
 51062 | Tomb:1   | Noticed a royal mummy
 51064 | Tomb:1   | Killed a royal mummy
 51167 | Tomb:2   | Noticed a royal mummy
 51174 | Tomb:2   | Noticed a royal mummy
 51177 | Tomb:2   | Noticed a royal mummy
 51177 | Tomb:2   | Noticed a royal mummy
 51206 | Tomb:2   | Killed a royal mummy
 51212 | Tomb:2   | Killed a royal mummy
 51218 | Tomb:2   | Killed a royal mummy
 51244 | Tomb:2   | Killed a royal mummy
 51408 | Tomb:2   | Identified the +10 shortbow "Juuch" {heavy, Fly rCorr Dex+5
                  | Stlth-}
 51428 | Tomb:1   | Identified the +4 scale mail "Hast" {+Blink rC+ SInv}
 51449 | Tomb:1   | Noticed a royal mummy
 51455 | Tomb:1   | Noticed a royal mummy
 51458 | Tomb:1   | Noticed a royal mummy
 51463 | Tomb:1   | Noticed a royal mummy
 51469 | Tomb:1   | Noticed a royal mummy
 51471 | Tomb:1   | Noticed a royal mummy
 51501 | Tomb:1   | Noticed a royal mummy
 51505 | Tomb:1   | Noticed a royal mummy
 51517 | Tomb:1   | Noticed a royal mummy
 51542 | Tomb:1   | Noticed a royal mummy
 51549 | Tomb:1   | Killed a royal mummy
 51553 | Tomb:1   | Noticed a royal mummy
 51570 | Tomb:1   | Noticed a royal mummy
 51575 | Tomb:1   | Killed a royal mummy
 51578 | Tomb:1   | Noticed a royal mummy
 51579 | Tomb:1   | Noticed a royal mummy
 51579 | Tomb:1   | Noticed a royal mummy
 51579 | Tomb:1   | Noticed a royal mummy
 51580 | Tomb:1   | Noticed a royal mummy
 51585 | Tomb:1   | Killed a royal mummy
 51602 | Tomb:1   | Killed a royal mummy
 51604 | Tomb:1   | Noticed a royal mummy
 51608 | Tomb:1   | Killed a royal mummy
 51610 | Tomb:1   | Killed a royal mummy
 51615 | Tomb:1   | Killed a royal mummy
 51633 | Tomb:1   | Killed a royal mummy
 51819 | Tomb:2   | Gained mutation: Your body sometimes deteriorates upon
                  | taking damage. [mutagenic glow]
 51846 | Tomb:2   | Lost mutation: Your magical capacity is low. (-10% MP)
                  | [mutagenic glow]
 51941 | Tomb:3   | Entered Level 3 of the Tomb of the Ancients
 51950 | Tomb:3   | Found the ring of the Octopus King
 51991 | Tomb:3   | Identified a ring of the Octopus King {rN+ HP+2 AC+2 EV+2
                  | SH+2}
 52096 | Tomb:3   | Noticed a royal mummy
 52108 | Tomb:3   | Killed a royal mummy
 52149 | Tomb:3   | Noticed a royal mummy
 52155 | Tomb:3   | Killed a royal mummy
 52160 | Tomb:3   | Noticed a royal mummy
 52167 | Tomb:3   | Killed a royal mummy
 52177 | Tomb:3   | Noticed a royal mummy
 52185 | Tomb:3   | Killed a royal mummy
 52198 | Tomb:3   | Found the +7 hand cannon "Mule" {flame, backblast, rF+}
 52265 | Tomb:3   | Noticed a royal mummy
 52273 | Tomb:3   | Noticed a royal mummy
 52277 | Tomb:3   | Killed a royal mummy
 52287 | Tomb:3   | Killed a royal mummy
 52298 | Tomb:3   | Noticed a royal mummy
 52305 | Tomb:3   | Killed a royal mummy
 52309 | Tomb:3   | Noticed a royal mummy
 52318 | Tomb:3   | Killed a royal mummy
 52327 | Tomb:3   | Noticed a royal mummy
 52360 | Tomb:3   | Got a golden rune of Zot
 52488 | Tomb:3   | Killed a royal mummy
 52683 | Tomb:3   | Identified the ring of Virtue {rC+ Str+2 Int+6}
 52723 | Tomb:3   | Identified the ring of Helu {rN+ Str+3}
 53163 | Depths:2 | Reached skill level 27 in Stealth
 53203 | Depths:4 | Entered Level 4 of the Depths
 53216 | Depths:4 | Reached skill level 1 in Spellcasting
 53314 | Depths:4 | Reached skill level 5 in Spellcasting
 53419 | Depths:4 | Found a gate to the Realm of Zot.
 53426 | Zot:1    | Entered Level 1 of the Realm of Zot
 53451 | Zot:1    | Reached skill level 10 in Spellcasting
 53623 | Zot:5    | Entered Level 5 of the Realm of Zot
 53904 | Zot:5    | Noticed an orb of fire
 53907 | Zot:5    | Noticed an orb of fire
 53911 | Zot:5    | Noticed an orb of fire
 53916 | Zot:5    | Noticed an orb of fire
 53921 | Zot:5    | Killed an orb of fire
 53928 | Zot:5    | Reached skill level 15 in Spellcasting
 53974 | Zot:5    | Got the Orb of Zot
 54000 | Zot:5    | Noticed an orb of fire
 54000 | Zot:5    | Noticed an orb of fire
 54020 | Zot:5    | Gained mutation: Your body often deteriorates upon taking
                  | damage. [an orb of fire]
 54348 | D:10     | Noticed Kuvvas the pandemonium lord
 54557 | D:2      | Noticed a seraph
 54571 | D:$      | Escaped with the Orb!

Illustrated notes

Levels and vault maps discovered:
D:1:      onia_arrival_mini_spirals, layout_loops_ring
D:2:      layout_rooms, nrook_mini_vaults, minmay_puff
D:3:      layout_basic
D:4:      layout_basic, mainiacjoe_overflow_alcove_1, serial_shops,
          kennysheep_little_box
D:5:      minmay_opposing_rooms, layout_basic, general_overflow_altar,
          serial_shops, shop, nicolae_lakefront_shop, shop, shop, shop,
          uniq_edmund, uniq_ijyb, uniq_grinder
D:6:      minmay_chambers_of_fours, layout_loops_corners,
          minmay_temple_entry_butterflies
D:7:      layout_basic, marbit_many_paths, tgw_xom, vehumet_crystals,
          wad_floor_pattern_2, minmay_hedge_maze, uniq_crazy_yiuf_cottage
D:8:      layout_loops_ring, nicolae_gozag_cash_rules_everything_around_me
D:9:      layout_basic, minmay_lair_entry_grove,
          hangedman_abyss_or_decor_jellyfish_corner, small_statue_intersection,
          grunt_ministairs_3, eino_tiny_chamber
D:10:     layout_cave_pods, eat_drink_and_be_merry_uskayaw, orc_david_3,
          serial_gnoll_camp, gnoll_camp_mini_shop, gnoll_camp_mini_basic,
          gnoll_camp_mini_hut, gnoll_camp_mini_basic, gnoll_camp_mini_basic,
          gnoll_camp_huts_basic
D:11:     layout_big_octagon
D:12:     layout_roguey, dk_noncrumbling_2, nicolae_ashenzari_skybound,
          uniq_urug, uniq_erolcha, uniq_nessos, uniq_snorg
D:13:     layout_rooms, david_vaults_1, minmay_statue_crystal_thing
D:14:     layout_irregular_city, serial_park_square2, uniq_roxanne
D:15:     hangedman_depths_entry_try_elsewhere_first, layout_rooms,
          yredelemnul_forgotten_temple_becter
Temple:   regret_index_temple_waves
Lair:1:   layout_cave_shapes, gauntlet_entry_generic, lemuel_fruit_tree,
          uniq_maggie
Lair:2:   layout_regular_city, mainiacjoe_swamp_entry_angry_trees,
          guppyfry_snake_entry_island, dreamdust_gnoll_shepherd
Lair:3:   layout_gridlike
Lair:4:   layout_gridlike, slime_entry_1
Lair:5:   hellmonk_lair_end_abyssal_woods, layout_regular_city, serial_forest,
          infiniplex_forest_3_way, infiniplex_forest_lined_2,
          infiniplex_forest_clump_diagonal, infiniplex_forest_clump_medium,
          infiniplex_forest_zigzag_1, infiniplex_forest_clump_medium,
          infiniplex_forest_clump_curved, infiniplex_forest_clump_large
Swamp:1:  layout_basic_swamp, evilmike_swamp_ruin_house_4, uniq_mlioglotl,
          uniq_nikola, uniq_josephine
Swamp:2:  layout_basic_swamp, nicolae_swamp_big_swirl,
          nicolae_swamp_tree_isthmus, infiniplex_staircase_pool_2
Swamp:3:  layout_basic_swamp, evilmike_swamp_ruin_rubble_2
Swamp:4:  swamp_alternative, layout_basic_swamp, gammafunk_ghost_hydra_chop,
          uniq_donald
Snake:1:  nicolae_snake_shooting_gallery, layout_chambers, basic_altar,
          minmay_shop_star, uniq_aizul
Snake:2:  layout_rooms, uniq_asterion
Snake:3:  layout_onion, uniq_kirke
Snake:4:  snake_pit_salamanders_mu, layout_basic, basic_altar
Slime:1:  layout_caves
Slime:2:  layout_caves
Slime:3:  layout_caves
Slime:4:  layout_caves, uniq_dissolution
Slime:5:  slime_pit_nicolae_royal_road_to_ruin
Orc:1:    layout_caves, basic_altar, serial_shops, shop, nicolae_shop_gadgets
Orc:2:    st_orc_ogre_mass, layout_diamond_mine, serial_shops, shop_statue,
          portal_ice_cave_entry_imps
Elf:1:    elf_arrival_001, layout_rooms, serial_shops, shop_coins,
          hangedman_elven_crosses_minicolossus
Elf:2:    nicolae_elf_blades_crystal_corner, layout_geoelf_octagon
Elf:3:    grunt_elf_hall_spiral, layout_onion_city, serial_shops,
          nicolae_shop_statue_plus, lemuel_flamethrower_3
Vaults:1: hangedman_surveillance_ring, nicolae_vaults_spaceships,
          nicolae_vaults_what_the_h, nicolae_vaults_steering_wheel,
          nicolae_vaults_diagonal_hallway_8, hangedman_vaults_slice,
          hangedman_vaults_variations, hangedman_vaults_slice,
          nicolae_vaults_layer_cake_slice, ontoclasm_vaults_gateway,
          ontoclasm_vaults_ligature, nicolae_vaults_tetromino_Z_1,
          layout_vaults_maze
Vaults:2: nicolae_vaults_shipping_containers_7, v_pattern_4,
          grunt_vaults_hallway_long, serial_ice_m, ontoclasm_vaults_ring_small,
          nicolae_vaults_frosty_reception, vaults_room_fours,
          hangedman_vaults_hat, nicolae_vaults_layer_cake_slice,
          ontoclasm_vaults_hangar, ontoclasm_vaults_claustrophobia,
          layout_vaults_ring, serial_shops, nicolae_shop_statue_plus,
          uniq_mennas
Vaults:3: nicolae_vaults_shelves_hall, minmay_crypt_entry_simple_sparse,
          nicolae_vaults_closet_pinwheel_1, v_misc_10,
          nicolae_vaults_little_squares_3, nicolae_vaults_wine_cellar,
          ontoclasm_vaults_pinch, nicolae_vaults_diamond_1,
          nicolae_vaults_tetromino_T_2, nicolae_vaults_surprise_closet,
          layout_vaults_omnigrid, uniq_boris
Vaults:4: portal_desolation_entry_nicolae_slug, grunt_vaults_diagonal, v_misc_1,
          nicolae_vaults_quartermaster, nicolae_vaults_big_angled_halls,
          nicolae_vaults_ring_of_whatevers, hangedman_vaults_snaps,
          grunt_vaults_hallway_short, nicolae_vaults_taking_the_gang_shopping,
          nicolae_vaults_trapezoid_3, vaults_mumra_chevron, vaults_dpeg_cross,
          nicolae_vaults_two_Ls, v_misc_14, vaults_room_semicircle,
          layout_vaults_omnicross, serial_shops, nicolae_lakefront_shop
Vaults:5
Crypt:1:  layout_catacombs, uniq_vv
Crypt:2:  layout_regular_city, grunt_ministairs_8,
          serial_library_hellmonk_hallway_b, fountainhead
Crypt:3:  david_glass_crypt, layout_rooms, uniq_frederick
Tomb:1
Tomb:2
Tomb:3
Depths:1: layout_long_grid, gammafunk_ghost_icy, grunt_pan_entry_spiral,
          hell_entry, minmay_curled_crystal, drop_trap, hellmonk_scale_shop
Depths:2: minmay_the_grid_plus_closed [minmay_the_grid_holed_spiral,
          minmay_the_grid_box_x, minmay_the_grid_eight, minmay_the_grid_rooms,
          minmay_the_grid_prize_four_corners_diamond_b], layout_basic,
          enter_ziggurat_e, grunt_mini_vestibule, pan_entry,
          kennysheep_minor_cross
Depths:3: radiant_caverns_a_rkd, abyss_entry, hell_entry, serial_shops,
          uniq_josephina, uniq_norris, uniq_saint_roka
Depths:4: evilmike_zot_entry_diamond, layout_honeycomb,
          chequers_serial_rivers_marsh, grunt_hell_entry_dis_old
Hell
Dis:1:    layout_jigsaw, nicolae_hells_hurtin_island
Dis:2:    layout_gridville, lemuel_mystery_crypt
Dis:3:    layout_jigsaw, evilmike_ambush [evilmike_ambush_outer_basic,
          evilmike_ambush_inner_pond]
Dis:4:    layout_jigsaw
Dis:5:    layout_subdivisions
Dis:6:    layout_jigsaw, nicolae_dis_grated_feature
Dis:7:    dis_grunt_layers
Geh:1:    layout_gehenna_lava_caves
Geh:2:    layout_gehenna_pools_basic
Geh:3:    layout_gehenna_pools_box, nicolae_geh_fourpack
Geh:4:    layout_gehenna_pools_box, nicolae_geh_liches_on_tour
Geh:5:    layout_gehenna_pools_basic, lemuel_hellish_altar
Geh:6:    layout_gehenna_pools_box
Geh:7:    geh_mu
Coc:1:    layout_ice_bergs
Coc:2:    layout_cocytus_delve
Coc:3:    layout_cocytus_delve
Coc:4:    nicolae_hells_demon_pit, layout_cocytus_delve
Coc:5:    layout_cocytus_water_paths
Coc:6:    layout_cocytus_water_paths
Coc:7:    coc_mu
Tar:1:    layout_grid_maze
Tar:2:    layout_grid_maze
Tar:3:    layout_honeycomb
Tar:4:    layout_grid_maze
Tar:5:    layout_cathedral_of_symmetry, nicolae_hells_seeping_fissure
Tar:6:    layout_grid_maze, nicolae_hells_fiendish_ambush
Tar:7:    tar_old
Zot:1:    layout_misc_corridors, regret_index_zotdec_silver_v_v_orig_slice,
          regret_index_zotdec_serpentine_scales
Zot:2:    layout_onion_interference, hangedman_zot_decor_unnerving_road,
          gammafunk_ghost_ooze
Zot:3:    layout_misc_corridors, zot_minivault_7
Zot:4:    regret_index_zot_pan_timeshare, layout_basic
Zot:5:    layout_twisted_circle, drop_trap, regret_index_zotdec_ex

Skill      XL: |  1  2  3  4  5  6  7  8  9 10 11 12 13 14 15 16 17 18 19 20 21 22 23 24 25 26 27 |
---------------+----------------------------------------------------------------------------------+-----
Fighting       | 2 3 4 5 6 7 10 12 15 16 19 22 23 27 | 27.0
Unarmed Combat | 4 5 6 8 10 13 15 16 18 19 21 22 27 | 27.0
Shapeshifting  | 8 11 14 16 18 20 22 23 24 25 27 | 27.0
Dodging        | 3 7 8 12 13 15 18 21 23 27 | 27.0
Stealth        | 27 | 27.0
Spellcasting   | 17 | 17.2

Action                     |  1- 3 |  4- 6 |  7- 9 | 10-12 | 13-15 | 16-18 | 19-21 | 22-24 | 25-27 || total
---------------------------+-------+-------+-------+-------+-------+-------+-------+-------+-------++-------
  Melee: Unarmed           |    65 |   123 |   143 |   369 |   621 |   713 |   683 |   724 |  2368 ||  5809
         Constrict         |    17 |    34 |    38 |    90 |     8 |     6 |       |       |       ||   193
         Tentacles         |    12 |    20 |    38 |    88 |    36 |    15 |       |       |       ||   209
         Punch             |     2 |     6 |    12 |    28 |    38 |    53 |    65 |    94 |   459 ||   757
         Maw               |       |       |       |   109 |       |       |       |       |       ||   109
         Tailslap          |       |       |       |     6 |    69 |       |       |       |       ||    75
         Bite              |       |       |       |     1 |    50 |       |       |       |       ||    51
  Throw: Throwing net      |       |       |       |     3 |       |       |       |       |       ||     3
         Dart              |       |       |       |     1 |       |       |       |       |       ||     1
 Invoke: Potion Petition   |       |       |       |     1 |       |     2 |       |     6 |    18 ||    27
         Call Merchant     |       |       |       |       |     2 |     3 |     2 |     2 |       ||     9
         Bribe Branch      |       |       |       |       |       |       |       |       |     3 ||     3
Ability: Breathe Fire      |       |       |       |     4 |    56 |       |       |       |       ||    60
         Blinkbolt         |       |       |       |       |       |    59 |    61 |    55 |   128 ||   303
  Evoke: Wand              |       |     1 |     7 |    30 |     2 |     2 |       |       |     5 ||    47
         Phantom mirror    |       |       |       |       |     1 |       |       |       |     2 ||     3
    Use: Scroll            |       |    10 |     4 |    16 |    15 |    11 |     4 |     2 |    23 ||    85
         Potion            |       |       |     2 |     3 |     4 |     3 |     4 |     4 |    33 ||    53
   Stab: Sleeping          |     1 |    13 |     4 |     6 |       |       |       |     1 |    15 ||    40
         Paralysed         |       |     6 |    17 |    13 |       |       |       |       |       ||    36
         Held in net/web   |       |       |       |     3 |       |       |       |       |       ||     3
         Distracted        |       |       |       |     2 |     4 |     6 |     6 |     8 |    44 ||    70
         Invisible         |       |       |       |       |       |       |     4 |     9 |    12 ||    25
 Armour: Skin              |    43 |    43 |    48 |   169 |   490 |   271 |   149 |   147 |   452 ||  1812
  Dodge: Dodged            |    49 |    52 |    51 |   264 |   481 |   927 |   678 |   739 |  2427 ||  5668
  Block: Other             |       |       |       |       |       |       |       |       |     7 ||     7
   Form: Maw               |       |       |       |     1 |       |       |       |       |       ||     1
         Dragon            |       |       |       |     1 |       |       |       |       |       ||     1
         Statue            |       |       |       |       |     1 |       |       |       |       ||     1
         Storm             |       |       |       |       |       |     1 |       |       |       ||     1

Table legend: (Time is in decaauts)
 A = Elapsed time spent in this place.
 B = Non-inter-level travel time spent in this place.
 C = Inter-level travel time spent in this place.
 D = Time resting spent in this place.
 E = Time spent auto-exploring this place.
 F = Levels seen in this place.
 G = Mean time per level.
                   A        B        C        D        E       F      G
               +--------+--------+--------+--------+--------+-----+--------+
         Total |  53280 |  45560 |   7720 |   1973 |  31134 | 105 |  507.4 |
       Dungeon |  14775 |  12209 |   2566 |    632 |   9094 |  15 |  985.0 |
        Temple |     49 |      1 |     48 |      0 |      0 |   1 |   49.0 |
          Lair |   4417 |   3886 |    531 |     84 |   3087 |   5 |  883.4 |
         Swamp |   2458 |   2287 |    171 |     71 |   1707 |   4 |  614.5 |
     Snake Pit |   3475 |   3236 |    239 |      0 |   2715 |   4 |  868.8 |
    Slime Pits |   1079 |    925 |    154 |      0 |    640 |   5 |  215.8 |
  Orcish Mines |   1818 |   1503 |    315 |    106 |    968 |   2 |  909.0 |
   Elven Halls |   1990 |   1857 |    133 |      0 |   1400 |   3 |  663.3 |
        Vaults |   6118 |   5670 |    448 |     38 |   4570 |   5 | 1223.6 |
         Crypt |    166 |    114 |     52 |      0 |      0 |   3 |   55.3 |
          Tomb |   2179 |   1518 |    661 |    391 |    389 |   3 |  726.3 |
        Depths |   1709 |   1253 |    456 |      0 |    835 |   4 |  427.2 |
          Hell |    343 |    168 |    175 |     25 |      0 |   1 |  343.0 |
           Dis |   1113 |    831 |    282 |    141 |    289 |   7 |  159.0 |
       Gehenna |   2087 |   1398 |    689 |    260 |    616 |   7 |  298.1 |
       Cocytus |   1077 |    884 |    193 |     11 |    489 |   7 |  153.9 |
      Tartarus |   1725 |   1343 |    382 |    112 |    768 |   7 |  246.4 |
           Zot |    594 |    374 |    220 |      0 |     64 |   5 |  118.8 |
         Abyss |   1009 |   1009 |      0 |      0 |    541 |   3 |  336.3 |
   Pandemonium |   3902 |   3902 |      0 |     76 |   2195 |  12 |  325.2 |
    Desolation |    746 |    746 |      0 |      0 |    517 |   1 |  746.0 |
      Gauntlet |    442 |    442 |      0 |     25 |    246 |   1 |  442.0 |
               +--------+--------+--------+--------+--------+-----+--------+

Top non-repeatable levels by time:
    D:10: 1672 daAuts
Vaults:5: 1652 daAuts
     D:9: 1350 daAuts
   Orc:2: 1256 daAuts
    D:14: 1209 daAuts
Depths:1: 1162 daAuts
Vaults:2: 1124 daAuts
Vaults:1: 1118 daAuts
Vaults:4: 1117 daAuts
     D:2: 1110 daAuts
Vaults:3: 1105 daAuts
     D:4: 1096 daAuts
  Lair:5: 1095 daAuts
 Snake:1: 1046 daAuts
     D:6: 1045 daAuts
